cohdb
Replays
Latest Replays
All Replays
Popular Replays
Top Player Replays
Match Explorer
How It Works
Community
CoH3 Stats
Reddit
Sign in to upload your games and track your stats! →
Sign in with Steam
Match 35542092
Unlisted
Match 35542092
Overview
Messages
Build Orders
End
Kradschützen Motorcycle Team
Panzerpioneer Squad
Panzerpioneer Squad
Panzergrenadier Squad
Panzergrenadier Squad
Construct Light Support Kompanie
Fire Support Elements
Pak 38 Mechanized Group
Pak 38 Anti-tank Gun Team
Flakvierling Half-track
Selects Battlefield Espionage Battlegroup
Selects 250/3 Funkpanzerwagen
Selects Anti-Tank Incendiary Munitions
Selects Sector Subterfuge Beacon
Selects Plunder
Vehicle Survival Package
Construct Mechanized Kompanie
Selects 250/3 Funkpanzerwagen
Emergency Repair Kits
Veteran Squad Leaders
2.5-tonne Medical Truck
Selects Anti-Tank Incendiary Munitions
Advanced Optics
Rapid Advance
Construct Panzerarmee Kommand
Selects Firestorm
Selects Firestorm
Panzer III L Medium Tank
254 Reconnaissance Tractor
Forward Retreat Point
Tungsten Core Ammunition
Madlad
SlideHammer
DibbeTC
Mad Mac
0
0
Comments
sign in to comment!
No comments posted yet!